 Dungeon Crawl Stone Soup version 0.01-2161-g8ec87df2bd (webtiles) character file.

Game seed: 4223140757331161078, levelgen mode: deterministic

6 pasperui the Twirler (level 1, 0/12 HPs) Lignifite Skald. Began on July 3, 2020. Slain by a hobgoblin ... wielding a +0 club (5 damage) ... on level 1 of the Dungeon. The game lasted 00:01:33 (169 turns).

pasperui the Twirler (Lignifite Skald)               Turns: 169, Time: 00:01:33

Health: 0/12       AC:  1    Str: 16    XL:     1 ^: 3
Magic:  4/4        EV: 16    Int: 14    God:
Gold:   28         SH:  1    Dex:  7    Spells: 3/4 levels left

rFire    x . .     Vision   .   a - +0 mace
rCold    . . .     Gourm    .   (weapon restricted)
rNeg     . . .     Faith    .   b - +0 robe
rPois    +         Spirit   .   (helmet restricted)
rElec    .         Reflect  .   (no cloak)
rCorr    .         Harm     .   (gloves unavailable)
MR       .....                  (boots unavailable)
Stlth    +.........             (no amulet)
HPRegen  0.14/turn              (no ring)
MPRegen  0.14/turn              (no ring)

@: quick
A: very small, rF-, deformed body, speed 1, poison resistance, slow metabolism
1, torment resistance, plant, rot immunity
a: no special abilities


You were on level 1 of the Dungeon.
You were not hungry.

You visited 1 branch of the dungeon, and saw 1 of its levels.

You collected 28 gold pieces.

Inventory:

Weapons
 a - a +0 mace (weapon)
 j - a +0 club
Armour
 b - a +0 robe (worn)
Scrolls
 c - 2 scrolls of teleportation
 g - a scroll of enchantment
 i - a scroll of blinking
 l - a scroll of fear
Potions
 e - a potion of curing
 h - a potion of resistance
 k - a potion of lignification
Comestibles
 d - a ration
 f - 4 chunks of flesh


   Skills:
 - Level 2.0 Fighting
 * Level 2.9 Maces & Staves
 - Level 2.1 Dodging
 - Level 2.1 Spellcasting
 - Level 2.6 Charms


You had 3 spell levels left.
You knew the following spells:

 Your Spells              Type           Power        Failure   Level  Hunger
a - Infusion              Chrm           9 (25)       8%          1    #......

Your spell library contained the following spells:

 Spells                   Type           Power        Failure   Level  Hunger
 Song of Slaying          Chrm           9 (100)      12%         2    ###....
 Shroud of Golubria       Chrm/Tloc      5 (200)      21%         2    ###....
 Regeneration             Chrm/Necr      5 (200)      38%         3    ###....
 Spectral Weapon          Chrm/Summ      5 (100)      38%         3    ###....


Dungeon Overview and Level Annotations

Branches:
Dungeon (1/8)

Altars:


Innate Abilities, Weirdness & Mutations

Your woody flesh burns easily. (rF-)
A tangle of shorter branches protects your body from attack. (+1 SH)
You are very small and have problems with some larger weapons.
You are too small for most types of armour.
Armour fits poorly on your strangely shaped body.
You cover ground quickly.
Your system is resistant to poisons. (rPois)
You have a slow metabolism.
You are immune to unholy pain and torment.
You require very little carbon dioxide to survive.
You are immune to rotting.


Message History

The hobgoblin is lightly wounded. (5/6) HP The hobgoblin misses you (0).
You hit the hobgoblin (2).
The hobgoblin is heavily wounded. (3/6) HP You hit the hobgoblin but do no damage.
The hobgoblin is heavily wounded. (3/6) HP The hobgoblin hits you with a +0 club (2).
You hit the hobgoblin (1).
The hobgoblin is severely wounded. (2/6) HP You closely miss the hobgoblin.
The hobgoblin is severely wounded. (2/6) HP The hobgoblin completely misses you (0).
You barely miss the hobgoblin. You hit the hobgoblin but do no damage.
The hobgoblin is heavily wounded. (3/6) HP The hobgoblin hits you with a +0 club (6).
Ouch! That really hurt!
The hobgoblin hits you but does no damage.
You barely miss the hobgoblin. x2
The hobgoblin hits you with a +0 club (5).
You die...

#######.#..##.#...# #...#
#####.#........### #...####
#......###.......# #......
#......# #.#.#.#.#####....####
#......###.#.#.#.?............
#....†.....#..................
#......###.##.##..............
#......# #.......#####)...####
#......# ####@#### #†.......
######## #g# #...##### #.#
#...# #.# #...# #.#
######.###### #.#
##............ ## ##...
r..####.....#. ...
...####.#####...###
#..#.......##.....## #


You could see a hobgoblin.

Vanquished Creatures
  A ball python (D:1)
  2 bats (D:1)
  A goblin (D:1)
  A kobold (D:1)
  A rat (D:1)
6 creatures vanquished.

Notes
Turn   | Place    | Note
-------+----------+-------------------------------------------
     0 | D:1      | pasperui the Lignifite Skald began the quest for the Orb.
     0 | D:1      | Reached XP level 1. HP: 12/12 MP: 4/4
   169 | D:1      | Slain by a hobgoblin

Levels and vault maps discovered:
D:1:      scummos_arrival_hexagon, layout_loops_cross

Action                   || total
-------------------------++-------
Melee: Mace              ||    25
       Unarmed           ||    20
 Cast: Infusion          ||     1
Armor: Robe              ||     1
Dodge: Dodged            ||    28
Block: Other             ||     2
